[Event "26th Hit Open-A 2022"]
[Site "Nova Gorica"]
[Date "2022.09.18"]
[Round "5.21"]
[White "Acimovic, Vasja"]
[Black "Markocic, Tine"]
[Result "1-0"]
[ECO "D02"]
[WhiteElo "2237"]
[BlackElo "2034"]
[Annotator "TA"]
[PlyCount "59"]
[EventDate "2022.09.16"]
[EventType "swiss"]
[EventCountry "SLO"]
[SourceTitle "playchess.com"]
[Source "ChessBase"]
[SourceQuality "1"]
[TimeControl "5400+30"]

1. d4 Nf6 2. Bf4 e6 3. e3 d5 4. c3 Bd6 5. Bg3 O-O 6. Nd2 c5 7. Ngf3 Nc6 8. Bd3 Qe7 9. Ne5 Nd7 10. Nxd7 {[%emt 0:02:41] D02: 1 d4 d5 2 Nf3 sidelines, including 2...Nf6 3 g3 and 2...Nf6 3 Bf4.} (10. f4 {seems wilder.} f5 11. O-O Nf6 12. Be2) 10... Bxd7 11. Bxd6 (11. Qh5 f5 $11) 11... Qxd6 12. dxc5 {[%emt 0:00:07] White is slightly better.} Qe7 13. O-O $40 {[%emt 0:02:54][%mdl 128] White mounts an attack.} ({Reject} 13. Qh5 g6 14. Qh6 Ne5 $11) 13... a5 {[%emt 0:01:19] [#] Inhibits b4.} 14. a3 $146 ({But not} 14. Qh5 g6 15. Qe2 Qxc5 $11) ({Predecessor:} 14. e4 Qxc5 15. Nb3 Qd6 16. exd5 exd5 17. Qh5 g6 18. Qh4 a4 19. Nd4 Ne5 20. Rad1 {0-1 (45) Ott,F (2298)-Hitzler,P (2231) Bayern 2019}) 14... a4 15. c4 ({Much weaker is} 15. Qh5 f5 $11) 15... dxc4 16. Nxc4 Qxc5 17. Rc1 g6 {[%emt 0:06:41] [#]} 18. Bxg6 $1 hxg6 19. Qxd7 Qb5 20. Qc7 Ra6 {[%emt 0:06:11] Prevents Nb6.} (20... Rad8 $16 21. h3 Rd3) 21. Rfd1 $18 Na5 $2 (21... Ra7 22. h3 Qc5) 22. Ne5 {[%emt 0:01:04] [#] And now Rd8 would win.} Qxb2 23. Rb1 Qxa3 (23... Qa2 $18 24. Nd7 Qc4 25. Nf6+ Kh8) 24. Rd8 {[%emt 0:00:09] White mates.} Kg7 25. Rd7 Rc6 26. Rxf7+ Kh6 27. Ng4+ Kh5 28. Rh7+ Kxg4 29. Qg3+ Kf5 30. Qf4# {[%emt 0:00:05] Weighted Error Value: White=0.03 (flawless) /Black=0.55} 1-0

[Event "26th Hit Open-A 2022"]
[Site "Nova Gorica"]
[Date "2022.09.18"]
[Round "5.22"]
[White "Hercog, Nusa"]
[Black "Garsky, Vladyslav"]
[Result "0-1"]
[ECO "D37"]
[WhiteElo "2019"]
[BlackElo "2229"]
[Annotator "TA"]
[PlyCount "90"]
[EventDate "2022.09.16"]
[EventType "swiss"]
[EventCountry "SLO"]
[SourceTitle "playchess.com"]
[Source "ChessBase"]
[SourceQuality "1"]
[TimeControl "5400+30"]

1. d4 d5 2. c4 e6 3. Nf3 Be7 4. Nc3 Nf6 5. Bf4 O-O 6. e3 b6 7. Bd3 c5 8. cxd5 Nxd5 9. Nxd5 exd5 10. O-O {[%emt 0:05:35] D37: Queen's Gambit Declined: 5 Bf4.} Nc6 (10... c4 $5 11. Bc2 Nc6 $11) 11. Ne5 Nxe5 12. Bxe5 {[%emt 0:00:10] The position is equal.} c4 13. Bc2 b5 {[%emt 0:00:41] [#]} 14. e4 $146 ({Predecessor:} 14. Qh5 g6 15. Qh6 Bf6 16. f4 Qe7 17. Rae1 Bb7 18. f5 Rae8 19. Bxf6 Qxf6 20. fxg6 {0-1 (40) Pert,R (2416)-Tang,A (2538) Chess.com INT 2020}) 14... Bb7 15. Re1 dxe4 16. Bxe4 Bxe4 17. Rxe4 f6 18. Bf4 Bd6 19. Qf3 Bxf4 20. Qxf4 Re8 21. Rae1 Qd7 22. h3 Rxe4 23. Rxe4 $11 {[%emt 0:03:57][%mdl 4096] Endgame KQR-KQR} Kf8 24. Qe3 Re8 25. Qa3+ Kf7 26. Rxe8 Kxe8 {[%emt 0:00:05] KQ-KQ} 27. Qc5 Kf7 28. Kf1 Ke6 29. a3 a6 30. Kg1 Qd6 31. Qc8+ Kd5 32. Qg4 (32. h4 $11 {remains equal.}) 32... Qe7 33. Kf1 h5 ({Black should try} 33... g6 $1 $17 {Hoping for ...Qe6.} 34. Qc8 Qd6) 34. Qxh5+ Kxd4 {[%emt 0:00:07] ...Qe4 is the strong threat.} 35. Qd1+ Kc5 36. Kg1 (36. Qg4 $11) 36... Qe5 (36... a5 $142 $1 37. Kf1 Qe4) 37. Qd2 $17 Qd4 {[%emt 0:00:48] Active counter play!} 38. Qe2 Qe5 {[%emt 0:01:53] Against Qe7+} 39. Qd2 {[%emt 0:00:27] [#]} a5 $1 {[%emt 0:00:07] Inhibits Qb4+.} 40. Qxa5 Qxb2 {[%emt 0:00:10] Threatens to win with ...c3.} 41. Qa7+ Kd5 $2 (41... Kd6 $19 {Strongly threatening ...c3.} 42. Qxg7 Qa1+ 43. Kh2 Qe5+ 44. g3 c3) 42. Qd7+ $2 {[%emt 0:01:22][%mdl 8192] [#] This costs White the game.} (42. Kf1 $1 $15) 42... Ke4 $1 $19 {[%emt 0:01:03] White must now prevent ...c3.} 43. Qd6 (43. Kf1 $19 c3 44. f3+ Kf4 45. Qd4+ Kg5 46. Qg4+ Kh6 47. Qh4+ Kg6 48. Qg4+ Kf7 49. Qd7+ Kg8 50. Qe8+ Kh7 51. Qh5+ Kg8 52. Qe8+ Kh7 53. Qh5+ Kg8 54. Qe8+) 43... Qa1+ {[%emt 0:00:19] Black mates.} 44. Kh2 Qe5+ 45. Qxe5+ Kxe5 {[%emt 0:00:06] Weighted Error Value: White=0.50/Black=0.21 (precise)} 0-1

[Event "26th Hit Open-A 2022"]
[Site "Nova Gorica"]
[Date "2022.09.18"]
[Round "5.23"]
[White "Beliavsky, Alexander G"]
[Black "Walker, Samuel A"]
[Result "1/2-1/2"]
[ECO "B36"]
[WhiteElo "2505"]
[BlackElo "2028"]
[Annotator "ChessBase"]
[PlyCount "68"]
[EventDate "2022.09.16"]
[EventType "swiss"]
[EventCountry "SLO"]
[SourceTitle "playchess.com"]
[Source "ChessBase"]
[SourceQuality "1"]
[TimeControl "5400+30"]

1. c4 g6 2. e4 c5 3. Nf3 Nc6 4. d4 cxd4 5. Nxd4 Nf6 6. Nc3 Nxd4 7. Qxd4 d6 8. Be3 Bg7 9. Be2 O-O 10. Qd2 a5 11. O-O a4 12. Rab1 Qa5 13. b4 axb3 14. axb3 Qb4 15. Qc2 Be6 16. Bd2 Qc5 17. Kh1 Rfc8 18. Qd3 Nd7 19. f4 f5 20. Bf3 Rab8 21. Rbe1 Re8 22. Qe2 Bf7 23. exf5 gxf5 24. Nd5 e6 25. Nc3 d5 26. Nb5 dxc4 27. Qxc4 e5 28. Qxc5 Nxc5 29. fxe5 Bxe5 30. Rxe5 Rxe5 31. Bf4 Rbe8 32. Bxe5 Rxe5 33. Nd6 Bxb3 34. Nxb7 Nxb7 1/2-1/2

[Event "26th Hit Open-A 2022"]
[Site "Nova Gorica"]
[Date "2022.09.18"]
[Round "5.24"]
[White "Nyysti, Sampsa"]
[Black "Teo, Hong Ming"]
[Result "0-1"]
[ECO "B62"]
[WhiteElo "2363"]
[BlackElo "2013"]
[Annotator "ChessBase"]
[PlyCount "36"]
[EventDate "2022.09.16"]
[EventType "swiss"]
[EventCountry "SLO"]
[SourceTitle "playchess.com"]
[Source "ChessBase"]
[SourceQuality "1"]
[TimeControl "5400+30"]

1. e4 c5 2. Nf3 d6 3. d4 cxd4 4. Nxd4 Nf6 5. Nc3 Nc6 6. Bg5 e6 7. Qd3 Be7 8. O-O-O Qb6 9. Qb5 Qc7 10. Qc4 a6 11. Bd3 Bd7 12. Nxc6 Bxc6 13. f4 b5 14. Qd4 h6 15. Bh4 b4 16. Qxb4 d5 17. Qxe7+ Kxe7 18. e5 Kf8 0-1

[Event "26th Hit Open-A 2022"]
[Site "Nova Gorica"]
[Date "2022.09.18"]
[Round "5.25"]
[White "Goroshkov, Maksym"]
[Black "Di Lascio, Savino"]
[Result "1-0"]
[ECO "B16"]
[WhiteElo "2315"]
[BlackElo "1793"]
[Annotator "ChessBase"]
[PlyCount "39"]
[EventDate "2022.09.16"]
[EventType "swiss"]
[EventCountry "SLO"]
[SourceTitle "playchess.com"]
[Source "ChessBase"]
[SourceQuality "1"]
[TimeControl "5400+30"]

1. e4 c6 2. d4 d5 3. Nc3 dxe4 4. Nxe4 Nf6 5. Nxf6+ gxf6 6. c3 Qd5 7. Ne2 e5 8. Be3 Na6 9. Ng3 Nc7 10. Nh5 Be7 11. Ng7+ Kd8 12. dxe5 Bd7 13. exf6 Bxf6 14. Nh5 Ne8 15. Qxd5 cxd5 16. O-O-O Be6 17. Bc4 Rg8 18. Bxd5 Bxd5 19. Rxd5+ Ke7 20. Bc5+ 1-0

[Event "26th Hit Open-A 2022"]
[Site "Nova Gorica"]
[Date "2022.09.18"]
[Round "5.26"]
[White "Callsen, Niklas"]
[Black "Chkhaidze, Nikoloz"]
[Result "1/2-1/2"]
[ECO "B48"]
[WhiteElo "2079"]
[BlackElo "2239"]
[Annotator "TA"]
[PlyCount "119"]
[EventDate "2022.09.16"]
[EventType "swiss"]
[EventCountry "SLO"]
[SourceTitle "playchess.com"]
[Source "ChessBase"]
[SourceQuality "1"]
[TimeControl "5400+30"]

1. e4 c5 2. Nf3 e6 3. d4 cxd4 4. Nxd4 Nc6 5. Nc3 Qc7 6. Be3 a6 7. Qf3 {[%emt 0:00:14] B48: Sicilian: Taimanov: 5 Nc3 Qc7 6 Be3 a6 without Be2.} Nf6 8. O-O-O Ne5 9. Qg3 {[%emt 0:00:08] White is slightly better.} b5 10. a3 Bb7 {[%emt 0:04:00] [#]} 11. Bxb5 $1 {[%emt 0:00:11] Ba4 is the strong threat.} Rc8 $1 (11... axb5 12. Ndxb5 Qb8 13. Bb6 $16) (11... Nxe4 12. Nxe4 Bxe4 {[#]} 13. Bxd7+ $1 Qxd7 14. Qxe5 $16) 12. Ba4 (12. Bf4 Nh5 13. Nxe6 (13. Bxe5 $2 Nxg3 14. Bxc7 Nxh1 $19) 13... fxe6 14. Bxe5 Nxg3 $17) ({White should play} 12. Be2 $14) 12... Nxe4 $11 13. Nxe4 Bxe4 14. Bf4 Qa5 15. b3 Rc3 (15... Bxa3+ 16. Kb1 Nc6 17. Qxg7 $16) (15... Ng4 $5) 16. Bd2 $1 {[%emt 0:00:13][%cal Bf4d2,Bd2a5,Ba5c7][%mdl 32] Dancing on a razor blade.} Rxg3 17. Bxa5 {[%emt 0:00:13] [#]} Bxa3+ $146 ({Predecessor:} 17... Rxg2 18. Rhe1 f5 19. Bc7 Nc6 20. Nxc6 dxc6 21. Bxc6+ Bxc6 22. Rxe6+ Kf7 23. Rxc6 Bxa3+ {½-½ (31) Kosakowski,J (2432)-Sismeiro,M (2222) Maia 2022}) 18. Kb1 Rxg2 {[%emt 0:00:05] White must now prevent ...0-0.} 19. Rhe1 f5 20. Bc7 Nf3 21. Nxf3 Bxf3 22. Bxd7+ Kf7 23. Bxe6+ Kg6 24. Rd4 (24. Rd7 $14) 24... Be4 25. Ra4 (25. Bd5 $11 Bxd5 26. Rxd5) 25... Re8 (25... Bc5 $15) 26. Rxa6 (26. Rxa3 Rxe6 27. Re2 Kh5 $15) (26. Bd5 $14 Re7 27. Bd8 (27. Bxe4 fxe4 28. Bd8 Rd7 $16) (27. Rexe4 Rg1+ 28. Ka2 fxe4 $14) (27. Rxa3 Rxc7 28. Bxe4 fxe4 $11) (27. Rxa6+ Kh5 $16)) 26... Kg5 (26... Ra8 $5 27. Rxa8 Bxa8 $11) 27. Bg3 Bb4 $2 {[%emt 0:00:05] [#]} (27... g6 $1 $14) 28. Rxe4 $1 fxe4 (28... Rg1+ 29. Kb2) 29. c3 $2 (29. h4+ $18 Kh5 30. Bf7+ Kg4 31. Bxe8) 29... Rxe6 30. Rxe6 $16 Bxc3 31. Rxe4 $11 {[%emt 0:00:49][%mdl 4096] Endgame Strongly threatening b4. KRB-KRB} Kf5 32. Re8 (32. Rh4 $16) 32... h5 33. h4 g5 34. Rf8+ Bf6 35. hxg5 Kxg5 36. Kc2 Kg6 {[%emt 0:00:14] [#]} 37. Bh4 $1 Bg7 38. Rc8 Rg4 39. Rc6+ Kf5 40. Rc5+ Kg6 41. Rc6+ (41. Rc4 $5 ) 41... Kf5 42. Rc5+ Kg6 43. Rc4 Bd4 44. Kd3 (44. Bg3 $5 Kf5 45. Kd3 $14) 44... Rxh4 {[%emt 0:00:14] The position is equal.} 45. Rxd4 {[%emt 0:00:06] KR-KR} Rh3+ 46. Kc4 Rf3 47. Rd8 h4 48. Rh8 h3 49. b4 Kg5 50. b5 {[%emt 0:00:13] And now b6 would win.} Rf4+ 51. Kc5 Kg4 52. Rg8+ Kh4 {[%emt 0:00:20] aiming for ...Rf5+.} 53. b6 {[%emt 0:01:04] White threatens b7 and mate.} Rxf2 54. b7 Rb2 55. b8=Q Rxb8 56. Rxb8 h2 57. Kd4 {[%emt 0:00:15] Intending Ke3 and mate.} Kg3 58. Rb3+ Kg2 59. Rb2+ Kg3 60. Rxh2 {[%emt 0:00:32] Weighted Error Value: White=0.21 (precise) /Black=0.14 (very precise)} 1/2-1/2

[Event "26th Hit Open-A 2022"]
[Site "Nova Gorica"]
[Date "2022.09.18"]
[Round "5.27"]
[White "Bajo, Tin"]
[Black "Bauer, Thomas"]
[Result "0-1"]
[ECO "B40"]
[WhiteElo "1999"]
[BlackElo "2200"]
[Annotator "TA"]
[PlyCount "130"]
[EventDate "2022.09.16"]
[EventType "swiss"]
[EventCountry "SLO"]
[SourceTitle "playchess.com"]
[Source "ChessBase"]
[SourceQuality "1"]
[TimeControl "5400+30"]

1. e4 c5 2. Nf3 e6 3. g3 Nf6 4. e5 Nd5 5. c4 Nb6 ({Black should play} 5... Ne7 $11) 6. b3 {[%emt 0:06:41] B40: Sicilian: 2...e6, Unusual lines.} (6. b4 $14) 6... d5 $11 7. exd6 {[%emt 0:01:30] [#]} Qf6 $146 (7... Bxd6 $11 {remains equal.} 8. Bg2 O-O) ({Predecessor:} 7... Bxd6 8. Bb2 O-O 9. Bg2 Nc6 10. d4 cxd4 11. Nxd4 Nxd4 12. Qxd4 e5 13. Qd2 Qe7 {½-½ (32) Gottstein,C (2113)-Martinez,S (1881) Chess.com INT 2021}) 8. Nc3 (8. d4 $142) 8... Bxd6 {[%emt 0:00:03] [#]} (8... Bd7 $142) 9. Bb2 (9. Ne4 $1 $16 Qe7 10. d4) 9... O-O $14 10. Bg2 Nc6 11. O-O e5 {[%emt 0:01:40] Prevents d4.} 12. Ne4 Qd8 13. Qe2 f6 {[%emt 0:00:30] [#]} 14. d3 (14. Qe3 $1 $16) 14... Bg4 15. Qe3 Rc8 16. h3 (16. Ba3 $5 ) 16... Bd7 (16... Bxf3 $11 {and Black stays safe.} 17. Qxf3 (17. Bxf3 Nd4 $11) 17... Rf7) 17. g4 $2 (17. Nxd6 $18 Rc7 18. Qxc5) 17... Be8 (17... Be7 $11) 18. Rad1 (18. g5 $16) 18... Nd4 $1 $11 19. Nxd6 Qxd6 20. Bxd4 (20. Nxd4 $11 exd4 21. Qg3 Qxg3 22. fxg3) 20... cxd4 $15 21. Qe2 Bc6 22. Rde1 Nd7 23. Nh4 g6 {[%emt 0:01:58] Prevents Nf5.} 24. Bxc6 Rxc6 25. Nf3 Ra6 26. g5 fxg5 27. Nxg5 Rf4 28. f3 Qa3 29. Rf2 Qe7 30. Rg2 Qf6 31. Rf1 Qf5 {[%emt 0:00:30] Black wants to play ...Nc5.} 32. Kh2 Rh4 {[%emt 0:00:30] Threatens to win with ...Nc5.} 33. Qf2 (33. Qe1 $1 $15 Rh5 34. f4) 33... Rh5 $36 {[%emt 0:00:30][%mdl 2048] Black is on the roll. Black is more active.} 34. Qg3 Nc5 35. Ne4 (35. Rd1 $17) 35... Nxd3 $19 36. Qg4 Nf4 37. Qxf5 Rxf5 38. Rd2 Rh5 39. Nf2 Rf6 40. Kg3 Rff5 {[%emt 0:03:44] White must now prevent ...Rfg5+.} 41. Rh1 Ne6 42. Ne4 Ng5 43. Nxg5 Rfxg5+ {[%emt 0:00:30][%mdl 4096] Endgame KRR-KRR} 44. Kf2 Rh4 45. Re2 Rf5 46. Kg3 Rhf4 47. Rf1 g5 (47... h5 $142 48. b4 Kf7) 48. Kg2 $2 (48. Rfe1 {was forced.}) 48... Kf7 49. Rfe1 (49. Rd1 $142) 49... Kf6 50. Rf1 h5 51. Kg3 Ke6 52. Rd2 Rf7 53. b4 h4+ 54. Kg2 e4 {[%emt 0:00:19][%cal Be5e4,Be4e3][%mdl 32] ...Ke5 is the strong threat.} 55. Re1 e3 56. Rd3 Rxf3 57. Rxd4 Rg3+ 58. Kh2 Rf2+ 59. Kh1 Rxh3+ 60. Kg1 Rg3+ 61. Kh1 Ke5 (61... Kf5 $142 62. b5 e2 63. Rxe2 Rxe2 64. c5 Rgg2 65. Rd5+ Kg4 66. Re5 h3 67. Rxe2 Rxe2 68. Kg1 h2+ 69. Kh1 Kg3 70. c6 Re1#) 62. Rd7 Rh3+ (62... Ke4 $142 63. Re7+ Kd3 64. Rd7+ Kc2) 63. Kg1 Rg3+ (63... Rff3 $142 64. Re2 Rhg3+ 65. Kh1 g4) 64. Kh1 Kf4 {[%emt 0:00:30] ( -> ...Kg4)} 65. Rd5 Kf3 {[%emt 0:00:30] Black used his chance.  Weighted Error Value: White=0.81/Black=0.54} 0-1

[Event "26th Hit Open-A 2022"]
[Site "Nova Gorica"]
[Date "2022.09.18"]
[Round "5.28"]
[White "Saypuri Srithan"]
[Black "Vidmar, Klara"]
[Result "1-0"]
[ECO "B31"]
[WhiteElo "2199"]
[BlackElo "1788"]
[Annotator "TA"]
[PlyCount "55"]
[EventDate "2022.09.16"]
[EventType "swiss"]
[EventCountry "SLO"]
[SourceTitle "playchess.com"]
[Source "ChessBase"]
[SourceQuality "1"]
[TimeControl "5400+30"]

1. e4 c5 2. Nf3 Nc6 3. Bb5 g6 4. O-O Bg7 5. c3 Nf6 6. Re1 O-O 7. h3 a6 8. Bxc6 dxc6 9. d3 {[%emt 0:08:36] B31: Sicilian: 2...Nc6 3 Bb5 g6.} Qc7 10. Qc2 e5 11. Be3 {[%emt 0:07:10] White has an edge.} b6 12. Nbd2 {[%emt 0:00:43] [#]} Kh8 $146 (12... Rd8 $11 {keeps the balance.}) ({Predecessor:} 12... Be6 13. d4 cxd4 14. cxd4 exd4 15. Nxd4 Bd7 16. Rac1 Rfc8 17. N4f3 Be8 18. Bd4 Nh5 19. Bxg7 Nxg7 {1-0 (46) Cole,S (1455)-Stadler,P (1422) LSS email 2015}) 13. d4 cxd4 14. cxd4 exd4 15. Bxd4 Nh5 16. Qc3 {[%emt 0:04:26] White is more active.} c5 17. Be5 Bxe5 18. Nxe5 (18. Qxe5+ Qxe5 19. Nxe5 Be6 $11) 18... f6 19. Nef3 Nf4 20. e5 $40 {[%emt 0:16:27][%mdl 128] White attacks.} Qg7 ({Black should play} 20... Nd5 $14 21. Qb3 Bb7) 21. exf6 $16 Qxf6 22. Qxf6+ Rxf6 23. Re8+ Kg7 24. Rae1 h6 {[%emt 0:04:02] Prevents Ng5.} 25. Nc4 {[%emt 0:01:53] [#] And now R1e7+ would win.} (25. R1e7+ Rf7 $16) 25... Nd5 {[%emt 0:04:02] Prevents R1e7+.} (25... Rf8 $16 26. R1e7+ (26. Nxb6 Rb8 $16) 26... Kg8) 26. Rd8 $18 {[%emt 0:08:14] White is clearly winning.} b5 27. Nd6 {[%emt 0:02:43] Ne8+ is the strong threat.} ({Weaker is} 27. Rxd5 bxc4 28. Ne5 (28. Rxc5 Bxh3 29. Re7+ Kg8 $16) 28... Be6 29. Rxc5 Rc8 30. Rxc8 Bxc8 31. Nxc4 Rc6 $18) 27... Rf8 28. Rxf8 {[%emt 0:01:15] Weighted Error Value: White=0.04 (flawless) /Black=0.35} ({Not} 28. Rxc8 Raxc8 29. Nxc8 Rxc8 $14) 1-0

[Event "26th Hit Open-A 2022"]
[Site "Nova Gorica"]
[Date "2022.09.18"]
[Round "5.29"]
[White "Marchesich, Giovanni"]
[Black "Ivsek, Cveto"]
[Result "1-0"]
[ECO "B32"]
[WhiteElo "2189"]
[BlackElo "1763"]
[Annotator "TA"]
[PlyCount "35"]
[EventDate "2022.09.16"]
[EventType "swiss"]
[EventCountry "SLO"]
[SourceTitle "playchess.com"]
[Source "ChessBase"]
[SourceQuality "1"]
[TimeControl "5400+30"]

1. e4 c5 2. Nf3 Nc6 3. d4 cxd4 4. Nxd4 e5 5. Nb5 a6 6. Nd6+ Bxd6 7. Qxd6 Qe7 8. Qd1 {[%emt 0:03:51] 8.Qxe7+ is more advanced technology.} Nf6 9. Nc3 h6 10. Bd3 {[%emt 0:04:58] B32: Sicilian: Löwenthal and Kalashnikov Variations.} O-O 11. O-O {[%emt 0:01:46] [#]} Rd8 $146 (11... d6 $11) ({Predecessor:} 11... d6 12. f4 Bg4 13. Qe1 Rad8 14. Qh4 d5 15. exd5 Nb4 16. Kh1 Nxd3 17. cxd3 Rfe8 {1-0 (37) Camino Carrio,N (2015)-Segura Acosta,R (1187) Gran Canaria 2020}) 12. Kh1 (12. Nd5 $16 Qd6 13. c4) 12... d6 $11 13. f4 Nd4 (13... exf4 $11 {keeps the balance.} 14. Bxf4 Be6) 14. Qe1 Kh7 {[%emt 0:02:54] Black cannot hold the game after this.} ({Black should try} 14... exf4 $14 15. Bxf4 Nc6) 15. Qh4 $18 {[%emt 0:01:55] [#] Strongly threatening Nd5.} Kg6 $2 (15... Nc6 16. fxe5 Ng4 17. Qxe7 Nxe7) 16. Nd5 {[%emt 0:03:27] White is clearly winning.} Nxd5 17. exd5+ e4 18. Qxe7 {[%emt 0:00:11] Weighted Error Value: White=0.34/Black=0.74} 1-0

[Event "26th Hit Open-A 2022"]
[Site "Nova Gorica"]
[Date "2022.09.18"]
[Round "5.30"]
[White "Schloffer, Jasmin-Denise"]
[Black "Vicic, Mark"]
[Result "1-0"]
[ECO "D13"]
[WhiteElo "2127"]
[BlackElo "1641"]
[Annotator "TA"]
[PlyCount "47"]
[EventDate "2022.09.16"]
[EventType "swiss"]
[EventCountry "SLO"]
[SourceTitle "playchess.com"]
[Source "ChessBase"]
[SourceQuality "1"]
[TimeControl "5400+30"]

1. d4 d5 2. c4 c6 3. cxd5 cxd5 4. Nc3 Nc6 5. Bf4 Nf6 6. Nf3 a6 7. Rc1 $1 {[%emt 0:00:17][%mdl 4] is now more promising than 7.e3.} Bf5 8. Qa4 {[%emt 0:01:34] D13: Slav Defence: Exchange variation without ...Bf5.} b5 9. Qd1 e6 10. e3 {[%emt 0:00:40] The position is equal.} Bd6 11. Bg5 Rc8 12. Be2 {[%emt 0:01:36] [#]} O-O $146 ({Predecessor:} 12... h6 13. Bh4 O-O 14. O-O Be7 15. Nd2 Na5 16. g4 Bh7 17. Kh1 Nc4 18. Nxc4 bxc4 {0-1 (61) Caceres Salas,E (1757)-Castro Salgado,P (1838) Quirihue 2022}) 13. O-O Rc7 (13... h6 $5 14. Bh4 g5 $11) 14. Nh4 h6 (14... Bg6 $11 {remains equal.}) 15. Nxf5 $16 {[%emt 0:01:03] Strongly threatening Bxf6.} hxg5 16. Nxd6 Qxd6 {[%emt 0:00:05] [#]} 17. Bxb5 $1 Nb4 (17... axb5 $2 18. Nxb5 Qe7 19. Nxc7 Qxc7 20. Qa4 $18) (17... Rb8 $16) 18. Be2 $18 Rfc8 $2 (18... Nc6 19. Qd3 (19. Bxa6 Nxd4 20. Bd3 Nf5 $18) 19... Ra8) 19. a3 {[%emt 0:00:24][%cal Ba2a3,Ba3b4][%mdl 32] White is clearly winning.} Ne4 20. Nxe4 Rxc1 21. Nxd6 Rxd1 22. Rxd1 Rc2 23. axb4 Rxe2 24. Rb1 {[%emt 0:00:11] Weighted Error Value: White=0.02 (flawless) /Black=0.55} 1-0

[Event "26th Hit Open-A 2022"]
[Site "Nova Gorica"]
[Date "2022.09.18"]
[Round "5.32"]
[White "Krivenko, Dion"]
[Black "Oestmann, Lukas"]
[Result "1-0"]
[ECO "C00"]
[WhiteElo "2113"]
[BlackElo "1620"]
[Annotator "TA"]
[PlyCount "119"]
[EventDate "2022.09.16"]
[EventType "swiss"]
[EventCountry "SLO"]
[SourceTitle "playchess.com"]
[Source "ChessBase"]
[SourceQuality "1"]
[TimeControl "5400+30"]

1. e4 c5 2. Nf3 e6 3. Qe2 Nc6 4. g3 e5 5. c3 d6 6. Na3 {[%emt 0:00:21] C00: French: Unusual White 2nd moves.} Nf6 7. Bg2 Be7 8. O-O {[%emt 0:00:31] The position is equal.} O-O 9. Nc2 Bg4 10. h3 {[%emt 0:02:25] [#]} Bd7 $146 ({Predecessor:} 10... Bh5 11. d4 cxd4 12. cxd4 Rc8 13. d5 Nb8 14. Na3 Na6 15. Qe3 Qd7 16. Nd2 Bd8 {1-0 (42) Domingo Nunez,A (2345)-Rey Martinez,J (2144) Linares 2022}) 11. b4 (11. d4 $142) 11... cxb4 $11 12. cxb4 Qc7 (12... a5 $15) 13. Bb2 Rac8 14. Rfc1 Qb6 15. Bc3 (15. a3 $5 ) 15... Rfe8 16. a4 a6 17. Rab1 d5 (17... Nd8 $11 {might be stronger.}) 18. b5 $14 Nb8 (18... axb5 $14 19. axb5 (19. Rxb5 Qa7 $17) 19... Na7) 19. Nxe5 (19. exd5 {is more complex.} e4 20. Ne5 Nxd5 21. Bd4) 19... Nxe4 (19... dxe4 $16 20. Ne3 (20. Nxd7 Nbxd7 21. bxa6 Qxa6 $14) 20... axb5) 20. Bxe4 $18 dxe4 21. bxa6 (21. Qxe4 $6 Bf6 $14) (21. Qh5 Qe6 22. Nxd7 Nxd7 $11) 21... Qxa6 22. Qxa6 ({Worse is} 22. Qxe4 Bd6 23. Nb4 (23. Rxb7 $2 Bxe5 24. Bxe5 Rxe5 $19) 23... Qxa4 24. Qxb7 Rxc3 25. dxc3 Bxe5 $11) 22... bxa6 {[%emt 0:00:26] [#]} 23. Rxb8 $1 Rxb8 24. Nxd7 Rb7 25. Ne5 Bf6 {[%emt 0:00:59] [#]} 26. Ne3 $1 h5 (26... g6 {keeps fighting.}) (26... Reb8 27. Kg2) 27. Nc6 Bxc3 28. dxc3 ({Don't play} 28. Rxc3 g6 29. Kf1 Re6) 28... Rc8 29. Nd4 Rd7 30. Rc2 g6 31. g4 hxg4 32. hxg4 Kg7 33. Ne2 Rd3 34. Rb2 Rc5 35. Rb4 f5 36. gxf5 gxf5 37. Nd4 {[%emt 0:01:17] Strongly threatening Ne6+.} Rcxc3 38. Ndxf5+ {[%emt 0:00:52] Pair of Knights!} Kf8 39. Ng3 Rc1+ 40. Kg2 a5 41. Rb5 ({Don't do} 41. Rxe4 Ra3 42. Nd5 Rc2 43. Rf4+ Ke8 $18) 41... Ra1 42. Rxa5 Ra2 43. Ra8+ Kf7 44. Ngf5 Rda3 45. Nd6+ Ke6 $2 (45... Kg7 {was called for.} 46. Nef5+ Kh7 47. Nxe4 Rxa4) 46. Ndc4 Rxa4 47. Re8+ Kf7 48. Rxe4 Ra7 49. Kg3 Kg8 50. Re8+ Kh7 51. f4 Rg7+ 52. Kf3 {[%emt 0:00:06] f5 is the strong threat.} Ra1 $2 (52... Rg8) 53. f5 Rf7 54. Ne5 $2 (54. Kf4 $18 {is more deadly.}) 54... Rf6 $2 {[%emt 0:00:37][%mdl 8192] A mistake that costs the game.} (54... Rxf5+ $16 55. Nxf5 Rf1+ 56. Kg3 Rxf5) 55. Re7+ Kg8 56. Kf4 {[%emt 0:00:55] Threatening mate with Kg5.} Kf8 57. Rc7 (57. Rb7 $142) 57... Rg1 58. Nd7+ {[%emt 0:00:14] White mates.} Kf7 59. Nxf6+ Kxf6 60. Nd5# {[%emt 0:00:10] Weighted Error Value: White=0.31/Black=0.46} 1-0